 Dungeon Crawl Stone Soup version 0.26-a0-591-g04f19ec95a (webtiles) character file.

Game seed: 2837772029072688477

911 Isi the Carver (level 7, -1/63 HPs)
             Began as a Minotaur Berserker on Aug 24, 2020.
             Was a Priest of Trog.
             Killed from afar by an electric eel (2 damage)
             ... with a bolt of electricity
             ... on level 5 of the Dungeon.
             The game lasted 00:11:16 (4175 turns).

Isi the Carver (Minotaur Berserker)                 Turns: 4175, Time: 00:11:18

Health: -1/63      AC: 15    Str: 23    XL:     7   Next: 82%
Magic:  6/6        EV:  9    Int:  4    God:    Trog [***...]
Gold:   228        SH:  0    Dex: 10    Spells: 6/6 levels left

rFire    . . .     SeeInvis .   a - +0 falchion
rCold    . . .     Faith    .   (no shield)
rNeg     . . .     Spirit   .   g - +0 chain mail
rPois    +         Reflect  .   (helmet restricted)
rElec    .         Harm     .   (no cloak)
rCorr    .                      p - +0 pair of gloves
MR       ++...                  (no boots)
Stlth    ..........             (no amulet)
HPRegen  1.20/turn              c - ring of poison resistance
MPRegen  0.10/turn              n - +4 ring of protection

@: regenerating, hasted, very quick
A: retaliatory headbutt, horns 2, deterioration 1, mutation resistance 1, sense
surroundings 1
a: Berserk, Trog's Hand, Renounce Religion


You were on level 5 of the Dungeon.
You worshipped Trog.
Trog was most pleased with you.
You visited 1 branch of the dungeon, and saw 5 of its levels.

You collected 228 gold pieces.

Inventory:

Hand Weapons
 a - a +0 falchion (weapon)
Missiles
 o - 4 curare-tipped darts (quivered)
Armour
 g - a +0 chain mail (worn)
 p - a +0 pair of gloves (worn)
Jewellery
 c - a ring of poison resistance (left hand)
 f - a +4 ring of protection
 n - a +4 ring of protection (right hand)
Scrolls
 b - a scroll of enchant weapon {unknown}
 d - 2 scrolls of teleportation {unknown}
 e - 4 scrolls of identify
 i - a scroll of enchant armour {unknown}
 j - a scroll of fog {unknown}
 l - 3 scrolls of remove curse
Potions
 h - a potion of haste


   Skills:
 + Level 6.1 Fighting
 + Level 8.6 Long Blades
 + Level 4.9 Armour
 + Level 3.7 Dodging


You had 6 spell levels left.
You didn't know any spells.
Your spell library was empty.

Dungeon Overview and Level Annotations

Branches:
Dungeon (5/15)             Temple (0/1) D:4

Altars:
Ashenzari
Kikubaaqudgha
Makhleb
Okawaru
Ru

Shops:
D:4 *


Innate Abilities, Weirdness & Mutations

You reflexively headbutt those who attack you in melee.
You have a pair of horns on your head.
Your body sometimes deteriorates upon taking damage.
You are somewhat resistant to further mutation.
You passively map a small area around you.


Message History

You completely miss the electric eel.
The electric eel is severely wounded.
The electric eel shoots out a bolt of lightning at you!
The bolt of electricity hits you.
Okay, then.
You miss the electric eel.
The electric eel is heavily wounded.
The electric eel shoots out a bolt of lightning at you!
The bolt of electricity hits the electric eel.
The electric eel completely resists.
The bolt of electricity misses the electric eel.
The bolt of electricity hits you!
* * * LOW HITPOINT WARNING * * *
The electric eel shoots out a bolt of lightning at you!
The bolt of electricity hits you!
* * * LOW HITPOINT WARNING * * *
The electric eel shoots out a bolt of lightning at you!
The bolt of electricity hits the electric eel.
The electric eel completely resists.
The bolt of electricity hits you.
You die...

*,* * ...>........... * #######
.#.#...)......# , ##≈≈...###
#.#.....####.# ,
##≈####..≈#####...<.#####.# ,*
#.## +##≈†...###.#.....#.# #.#
,,#####..##.#####.# ,
#.#.....##..'####.
,*#.#≈P.P.#.....# #. , , *
#≈#.≈≈P≈#.@...# #.*
#≈#$=.≈.#.≈.PP# #. *, #
#≈#≈≈$≈≈#;..P.# ..* .. ,
#≈##≈;;##[;?"(# .. ,
##≈######≈;.≈≈# ** *
#######...≈≈##≈≈≈###
#.....######≈#####.## #.
#.....<....##≈≈..'..# #.
#..........#######..##########.


You could see 3 electric eels.

Vanquished Creatures
  An ice beast (D:5)
  A black bear (D:5)
  2 ogres (D:4)
  2 scorpions
  A hound (D:2)
  3 orc priests
  An orc wizard (D:4)
  An iguana (D:5)
  2 worker ants (D:4)
  A killer bee zombie (D:4)
  2 hound zombies (D:5)
  9 adders
  A shadow imp (D:5)
  A worm (D:3)
  2 dart slugs
  4 leopard geckos
  9 orcs
  A ball python (D:1)
  6 bats
  6 giant cockroaches
  7 goblins
  3 hobgoblins (D:3)
  8 jackals
  9 kobolds
  3 quokkas (D:3)
  8 frilled lizards
  A giant cockroach zombie (D:5)
  A quokka skeleton (D:4)
  A quokka zombie (D:5)
  9 rats
106 creatures vanquished.

Vanquished Creatures (others)
  A plant (D:5)
1 creature vanquished.

Grand Total: 107 creatures vanquished

Notes
Turn   | Place    | Note
-------+----------+-------------------------------------------
     0 | D:1      | Isi the Minotaur Berserker began the quest for the Orb.
     0 | D:1      | Reached XP level 1. HP: 19/19 MP: 0/0
    80 | D:1      | Reached skill level 4 in Long Blades
    80 | D:1      | Reached XP level 2. HP: 24/27 MP: 1/1
   413 | D:1      | Reached ** piety under Trog
   708 | D:2      | Reached XP level 3. HP: 22/33 MP: 2/2
  1223 | D:2      | Reached skill level 5 in Long Blades
  1379 | D:2      | Found a burning altar of Makhleb.
  1383 | D:2      | Reached XP level 4. HP: 41/41 MP: 3/3
  1494 | D:3      | Reached XP level 5. HP: 38/47 MP: 4/4
  1497 | D:3      | Reached skill level 6 in Long Blades
  1840 | D:3      | Reached skill level 5 in Fighting
  1905 | D:3      | Found an ancient bone altar of Kikubaaqudgha.
  2159 | D:3      | Found a sacrificial altar of Ru.
  2520 | D:4      | Gained mutation: You passively map a small area around you.
                  | [potion of mutation]
  2520 | D:4      | Gained mutation: Your body sometimes deteriorates upon
                  | taking damage. [potion of mutation]
  2520 | D:4      | Gained mutation: You are somewhat resistant to further
                  | mutation. [potion of mutation]
  2532 | D:4      | Reached *** piety under Trog
  2602 | D:4      | Noticed an ogre
  2606 | D:4      | Reached XP level 6. HP: 40/56 MP: 5/5
  2621 | D:4      | Reached skill level 7 in Long Blades
  3044 | D:4      | Found a staircase to the Ecumenical Temple.
  3172 | D:4      | Reached XP level 7. HP: 42/62 MP: 6/6
  3379 | D:4      | Found an iron altar of Okawaru.
  3494 | D:4      | Found a shattered altar of Ashenzari.
  3592 | D:4      | Found Qyod Saet's General Store.
  3890 | D:5      | Entered Level 5 of the Dungeon
  3959 | D:5      | Reached skill level 8 in Long Blades
  4175 | D:5      | HP: 1/63 [electric eel/bolt of electricity (11)]
  4175 | D:5      | Killed from afar by an electric eel

Illustrated notes

Levels and vault maps discovered:
D:1:      sevenhm_arrival_forest_fort_small_3, layout_rooms,
          kennysheep_another_room
D:2:      layout_basic, makhleb_heckhound_becter
D:3:      layout_basic, nicolae_overflow_hidden_temple, lemuel_doored_altar,
          amethyst_killhole, minivault_14
D:4:      layout_basic, kennysheep_okawaru_gauntlet,
          nicolae_ashenzari_panopticon, minmay_temple_entry_stoned_glass,
          serial_shops, shop
D:5:      cheibrodos_two_vegetables, layout_rooms, hex_intersection,
          roderic_serpentine_path

Skill      XL: |  1  2  3  4  5  6  7 |
---------------+----------------------+-----
Long Blades    | 4 5 6 7 8 |  8.6
Fighting       | 4 5 6 |  6.1
Dodging        | 3 |  3.7
Armour         | 3 4 |  4.9

Action                   |  1- 3 |  4- 6 |  7- 9 || total
-------------------------+-------+-------+-------++-------
Melee: Falchion          |    66 |    95 |    74 ||   235
       Headbutt          |     7 |    15 |    17 ||    39
Invok: Berserk           |     1 |     1 |       ||     2
       Trog's Hand       |       |       |     1 ||     1
  Use: Potion            |     2 |     5 |     2 ||     9
       Scroll            |       |     6 |       ||     6
Armor: Animal skin       |     5 |       |       ||     5
       Leather armour    |    11 |    12 |       ||    23
       Scale mail        |       |    14 |       ||    14
       Chain mail        |       |    27 |    36 ||    63
Dodge: Dodged            |    54 |    42 |    28 ||   124
       Rpst.: Falchion   |    13 |    15 |     6 ||    34

Table legend: (Time is in decaauts)
 A = Elapsed time spent in this place.
 B = Non-inter-level travel time spent in this place.
 C = Inter-level travel time spent in this place.
 D = Time resting spent in this place.
 E = Time spent auto-exploring this place.
 F = Levels seen in this place.
 G = Mean time per level.
                   A        B        C        D        E       F      G
               +--------+--------+--------+--------+--------+-----+--------+
         Total |   4187 |   3830 |    357 |    937 |   2187 |   5 |  837.4 |
       Dungeon |   4187 |   3830 |    357 |    937 |   2187 |   5 |  837.4 |
               +--------+--------+--------+--------+--------+-----+--------+

Top non-repeatable levels by time:
     D:4: 1370 daAuts
     D:2: 940 daAuts
     D:3: 935 daAuts
     D:1: 654 daAuts
     D:5: 286 daAuts
